%YAML 1.1
%TAG !u! tag:unity3d.com,2011:
--- !u!1 &12309655079923500
GameObject:
  m_ObjectHideFlags: 0
  m_CorrespondingSourceObject: {fileID: 0}
  m_PrefabInstance: {fileID: 0}
  m_PrefabAsset: {fileID: 0}
  serializedVersion: 6
  m_Component:
  - component: {fileID: 7415325513172984838}
  m_Layer: 0
  m_Name: Shape
  m_TagString: Building
  m_Icon: {fileID: 0}
  m_NavMeshLayer: 0
  m_StaticEditorFlags: 0
  m_IsActive: 1
--- !u!4 &7415325513172984838
Transform:
  m_ObjectHideFlags: 0
  m_CorrespondingSourceObject: {fileID: 0}
  m_PrefabInstance: {fileID: 0}
  m_PrefabAsset: {fileID: 0}
  m_GameObject: {fileID: 12309655079923500}
  m_LocalRotation: {x: 0, y: 1, z: 0, w: 0}
  m_LocalPosition: {x: 0, y: 0, z: 0}
  m_LocalScale: {x: 0.8, y: 0.8, z: 0.8}
  m_Children:
  - {fileID: 2036412168104703550}
  m_Father: {fileID: 4078628162257946815}
  m_RootOrder: 0
  m_LocalEulerAnglesHint: {x: 0, y: 180, z: 0}
--- !u!1 &513004813587592401
GameObject:
  m_ObjectHideFlags: 0
  m_CorrespondingSourceObject: {fileID: 0}
  m_PrefabInstance: {fileID: 0}
  m_PrefabAsset: {fileID: 0}
  serializedVersion: 6
  m_Component:
  - component: {fileID: 7541122109811760378}
  - component: {fileID: 7306611210639291941}
  - component: {fileID: 7832967065505290464}
  m_Layer: 11
  m_Name: SpawnPoint
  m_TagString: Untagged
  m_Icon: {fileID: 0}
  m_NavMeshLayer: 0
  m_StaticEditorFlags: 0
  m_IsActive: 1
--- !u!4 &7541122109811760378
Transform:
  m_ObjectHideFlags: 0
  m_CorrespondingSourceObject: {fileID: 0}
  m_PrefabInstance: {fileID: 0}
  m_PrefabAsset: {fileID: 0}
  m_GameObject: {fileID: 513004813587592401}
  m_LocalRotation: {x: 0, y: 0, z: 0, w: 1}
  m_LocalPosition: {x: -1.11, y: 0.1, z: -3.95}
  m_LocalScale: {x: 1, y: 0.0001, z: 1}
  m_Children: []
  m_Father: {fileID: 4078628162257946815}
  m_RootOrder: 1
  m_LocalEulerAnglesHint: {x: 0, y: 0, z: 0}
--- !u!33 &7306611210639291941
MeshFilter:
  m_ObjectHideFlags: 0
  m_CorrespondingSourceObject: {fileID: 0}
  m_PrefabInstance: {fileID: 0}
  m_PrefabAsset: {fileID: 0}
  m_GameObject: {fileID: 513004813587592401}
  m_Mesh: {fileID: 10206, guid: 0000000000000000e000000000000000, type: 0}
--- !u!23 &7832967065505290464
MeshRenderer:
  m_ObjectHideFlags: 0
  m_CorrespondingSourceObject: {fileID: 0}
  m_PrefabInstance: {fileID: 0}
  m_PrefabAsset: {fileID: 0}
  m_GameObject: {fileID: 513004813587592401}
  m_Enabled: 0
  m_CastShadows: 1
  m_ReceiveShadows: 1
  m_DynamicOccludee: 1
  m_MotionVectors: 1
  m_LightProbeUsage: 1
  m_ReflectionProbeUsage: 1
  m_RayTracingMode: 2
  m_RenderingLayerMask: 1
  m_RendererPriority: 0
  m_Materials:
  - {fileID: 10303, guid: 0000000000000000f000000000000000, type: 0}
  m_StaticBatchInfo:
    firstSubMesh: 0
    subMeshCount: 0
  m_StaticBatchRoot: {fileID: 0}
  m_ProbeAnchor: {fileID: 0}
  m_LightProbeVolumeOverride: {fileID: 0}
  m_ScaleInLightmap: 1
  m_ReceiveGI: 1
  m_PreserveUVs: 0
  m_IgnoreNormalsForChartDetection: 0
  m_ImportantGI: 0
  m_StitchLightmapSeams: 1
  m_SelectedEditorRenderState: 3
  m_MinimumChartSize: 4
  m_AutoUVMaxDistance: 0.5
  m_AutoUVMaxAngle: 89
  m_LightmapParameters: {fileID: 0}
  m_SortingLayerID: 0
  m_SortingLayer: 0
  m_SortingOrder: 0
--- !u!1 &1353605005938637336
GameObject:
  m_ObjectHideFlags: 0
  m_CorrespondingSourceObject: {fileID: 0}
  m_PrefabInstance: {fileID: 0}
  m_PrefabAsset: {fileID: 0}
  serializedVersion: 6
  m_Component:
  - component: {fileID: 2019866527486799117}
  - component: {fileID: 3229108633939058396}
  m_Layer: 0
  m_Name: Actions
  m_TagString: Untagged
  m_Icon: {fileID: 0}
  m_NavMeshLayer: 0
  m_StaticEditorFlags: 0
  m_IsActive: 1
--- !u!4 &2019866527486799117
Transform:
  m_ObjectHideFlags: 0
  m_CorrespondingSourceObject: {fileID: 0}
  m_PrefabInstance: {fileID: 0}
  m_PrefabAsset: {fileID: 0}
  m_GameObject: {fileID: 1353605005938637336}
  m_LocalRotation: {x: -0, y: -0, z: -0, w: 1}
  m_LocalPosition: {x: 0, y: 4.5, z: 0}
  m_LocalScale: {x: 1, y: 1, z: 1}
  m_Children:
  - {fileID: 7695348924007612582}
  - {fileID: 8205256112726923204}
  m_Father: {fileID: 4078628162257946815}
  m_RootOrder: 7
  m_LocalEulerAnglesHint: {x: 0, y: 0, z: 0}
--- !u!114 &3229108633939058396
MonoBehaviour:
  m_ObjectHideFlags: 0
  m_CorrespondingSourceObject: {fileID: 0}
  m_PrefabInstance: {fileID: 0}
  m_PrefabAsset: {fileID: 0}
  m_GameObject: {fileID: 1353605005938637336}
  m_Enabled: 1
  m_EditorHideFlags: 0
  m_Script: {fileID: 11500000, guid: 60965641e9a1a1e4fa3c230af51b349f, type: 3}
  m_Name: 
  m_EditorClassIdentifier: 
--- !u!1 &2029127352307933062
GameObject:
  m_ObjectHideFlags: 0
  m_CorrespondingSourceObject: {fileID: 0}
  m_PrefabInstance: {fileID: 0}
  m_PrefabAsset: {fileID: 0}
  serializedVersion: 6
  m_Component:
  - component: {fileID: 4078628162257946815}
  - component: {fileID: 8746880070377835883}
  - component: {fileID: 6226812199955703915}
  - component: {fileID: 5024263378763145123}
  - component: {fileID: 3148552915643565388}
  - component: {fileID: 2029127352307933061}
  - component: {fileID: 7001828629903194729}
  m_Layer: 0
  m_Name: MageTower
  m_TagString: Building
  m_Icon: {fileID: 0}
  m_NavMeshLayer: 0
  m_StaticEditorFlags: 0
  m_IsActive: 1
--- !u!4 &4078628162257946815
Transform:
  m_ObjectHideFlags: 0
  m_CorrespondingSourceObject: {fileID: 0}
  m_PrefabInstance: {fileID: 0}
  m_PrefabAsset: {fileID: 0}
  m_GameObject: {fileID: 2029127352307933062}
  m_LocalRotation: {x: 0, y: 0, z: 0, w: 1}
  m_LocalPosition: {x: -9.81, y: 0, z: 17.39}
  m_LocalScale: {x: 1, y: 1, z: 1}
  m_Children:
  - {fileID: 7415325513172984838}
  - {fileID: 7541122109811760378}
  - {fileID: 8774301503511512942}
  - {fileID: 8641515543483093439}
  - {fileID: 6246089146952939549}
  - {fileID: 7414919968128579966}
  - {fileID: 2968009027395621210}
  - {fileID: 2019866527486799117}
  m_Father: {fileID: 0}
  m_RootOrder: 0
  m_LocalEulerAnglesHint: {x: 0, y: 0, z: 0}
--- !u!54 &8746880070377835883
Rigidbody:
  m_ObjectHideFlags: 0
  m_CorrespondingSourceObject: {fileID: 0}
  m_PrefabInstance: {fileID: 0}
  m_PrefabAsset: {fileID: 0}
  m_GameObject: {fileID: 2029127352307933062}
  serializedVersion: 2
  m_Mass: 1
  m_Drag: 0
  m_AngularDrag: 0.05
  m_UseGravity: 0
  m_IsKinematic: 1
  m_Interpolate: 0
  m_Constraints: 0
  m_CollisionDetection: 0
--- !u!65 &6226812199955703915
BoxCollider:
  m_ObjectHideFlags: 0
  m_CorrespondingSourceObject: {fileID: 0}
  m_PrefabInstance: {fileID: 0}
  m_PrefabAsset: {fileID: 0}
  m_GameObject: {fileID: 2029127352307933062}
  m_Material: {fileID: 0}
  m_IsTrigger: 1
  m_Enabled: 1
  serializedVersion: 2
  m_Size: {x: 6, y: 9, z: 6}
  m_Center: {x: 0, y: 4.5, z: 0}
--- !u!208 &5024263378763145123
NavMeshObstacle:
  m_ObjectHideFlags: 0
  m_CorrespondingSourceObject: {fileID: 0}
  m_PrefabInstance: {fileID: 0}
  m_PrefabAsset: {fileID: 0}
  m_GameObject: {fileID: 2029127352307933062}
  m_Enabled: 1
  serializedVersion: 3
  m_Shape: 1
  m_Extents: {x: 3, y: 4.5, z: 3}
  m_MoveThreshold: 0.1
  m_Carve: 1
  m_CarveOnlyStationary: 1
  m_Center: {x: 0, y: 4.5, z: 0}
  m_TimeToStationary: 0.5
--- !u!82 &3148552915643565388
AudioSource:
  m_ObjectHideFlags: 0
  m_CorrespondingSourceObject: {fileID: 0}
  m_PrefabInstance: {fileID: 0}
  m_PrefabAsset: {fileID: 0}
  m_GameObject: {fileID: 2029127352307933062}
  m_Enabled: 1
  serializedVersion: 4
  OutputAudioMixerGroup: {fileID: 0}
  m_audioClip: {fileID: 0}
  m_PlayOnAwake: 0
  m_Volume: 1
  m_Pitch: 1
  Loop: 0
  Mute: 0
  Spatialize: 0
  SpatializePostEffects: 0
  Priority: 128
  DopplerLevel: 1
  MinDistance: 1
  MaxDistance: 500
  Pan2D: 0
  rolloffMode: 0
  BypassEffects: 0
  BypassListenerEffects: 0
  BypassReverbZones: 0
  rolloffCustomCurve:
    serializedVersion: 2
    m_Curve:
    - serializedVersion: 3
      time: 0
      value: 1
      inSlope: 0
      outSlope: 0
      tangentMode: 0
      weightedMode: 0
      inWeight: 0.33333334
      outWeight: 0.33333334
    - serializedVersion: 3
      time: 1
      value: 0
      inSlope: 0
      outSlope: 0
      tangentMode: 0
      weightedMode: 0
      inWeight: 0.33333334
      outWeight: 0.33333334
    m_PreInfinity: 2
    m_PostInfinity: 2
    m_RotationOrder: 4
  panLevelCustomCurve:
    serializedVersion: 2
    m_Curve:
    - serializedVersion: 3
      time: 0
      value: 0
      inSlope: 0
      outSlope: 0
      tangentMode: 0
      weightedMode: 0
      inWeight: 0.33333334
      outWeight: 0.33333334
    m_PreInfinity: 2
    m_PostInfinity: 2
    m_RotationOrder: 4
  spreadCustomCurve:
    serializedVersion: 2
    m_Curve:
    - serializedVersion: 3
      time: 0
      value: 0
      inSlope: 0
      outSlope: 0
      tangentMode: 0
      weightedMode: 0
      inWeight: 0.33333334
      outWeight: 0.33333334
    m_PreInfinity: 2
    m_PostInfinity: 2
    m_RotationOrder: 4
  reverbZoneMixCustomCurve:
    serializedVersion: 2
    m_Curve:
    - serializedVersion: 3
      time: 0
      value: 1
      inSlope: 0
      outSlope: 0
      tangentMode: 0
      weightedMode: 0
      inWeight: 0.33333334
      outWeight: 0.33333334
    m_PreInfinity: 2
    m_PostInfinity: 2
    m_RotationOrder: 4
--- !u!114 &2029127352307933061
MonoBehaviour:
  m_ObjectHideFlags: 0
  m_CorrespondingSourceObject: {fileID: 0}
  m_PrefabInstance: {fileID: 0}
  m_PrefabAsset: {fileID: 0}
  m_GameObject: {fileID: 2029127352307933062}
  m_Enabled: 1
  m_EditorHideFlags: 0
  m_Script: {fileID: 11500000, guid: 777d02e7c7c77904594829e091a4e918, type: 3}
  m_Name: 
  m_EditorClassIdentifier: 
  objectName: Mage Tower
  image: {fileID: 21300000, guid: 149b2fc0c2d27cc4b93eeb004f76ec82, type: 3}
  ObjectId: 0
  selectedMarks: {fileID: 7927286028336436022}
  fogOfWar: {fileID: 7001828629903194729}
  partToHideInFog: []
  actionName: 9
  hitPoints: 1050
  manaPoints: 0
  objectStats: {fileID: 7479634633512090922, guid: 61989fa2f368e1d42bf940da976ec81e,
    type: 3}
  deathTiming: 0.2
  behaviour: 0
  actions:
  - {fileID: 0}
  - {fileID: 0}
  agent: {fileID: 0}
  animator: {fileID: 0}
  miniMap: {fileID: 8994087587410290926}
  partsToColor:
  - {fileID: 2036412168102802654}
  sounds: {fileID: 11400000, guid: dbaee6730c89a604eaa9bbec4d660b68, type: 2}
  player: {fileID: 0}
  uiNumber: 0
  obstacle: {fileID: 5024263378763145123}
  placeableMarker: {fileID: 5616513659504038290}
  workerSlots: []
  isUnderConstruction: 0
  constructionSteps:
  - {fileID: 100000, guid: 23f5e8bfeddc6454da643b5f31d0ff9a, type: 3}
  - {fileID: 100000, guid: f1d267045620d8f40a446655a93df223, type: 3}
  - {fileID: 100000, guid: fc4ed9ef41f9dc944af60388921a8746, type: 3}
  shape: {fileID: 12309655079923500}
  upgradedBuilding: {fileID: 0}
  destructionLvl1: {fileID: 6699423339059781455}
  destructionLvl2: {fileID: 2168145090628147140}
  buildingDestroyed: {fileID: 883288363953556306}
  finishedJobSound: {fileID: 0}
  finishedJobVolume: 1
  currentBuildProgress: 0
  currentBuildCreationTime: 0
  colliders: []
  isWarehouse: 0
  resourcesAccepted: 
  additionalFood: 0
  spawnPoint: {fileID: 513004813587592401}
  rallyPoint: {fileID: 2165503856021236893}
  rallyPointAnimator: {fileID: 8619323480241084159}
  rallyPointRadius: 2
--- !u!114 &7001828629903194729
MonoBehaviour:
  m_ObjectHideFlags: 0
  m_CorrespondingSourceObject: {fileID: 0}
  m_PrefabInstance: {fileID: 0}
  m_PrefabAsset: {fileID: 0}
  m_GameObject: {fileID: 2029127352307933062}
  m_Enabled: 1
  m_EditorHideFlags: 0
  m_Script: {fileID: 11500000, guid: 0b130f358dcb26548b2ff0923d496dc6, type: 3}
  m_Name: 
  m_EditorClassIdentifier: 
  team: 0
  brightness: 1
  shapeType: 0
  absoluteOffset: 0
  offset: {x: 0, y: 0}
  boxSize: {x: 5, y: 5}
  circleRadius: 30
  innerRadius: 1
  angle: 180
  texture: {fileID: 0}
  rotateToForward: 0
  lineOfSightMask:
    serializedVersion: 2
    m_Bits: 0
  lineOfSightRaycastCount: 100
  lineOfSightPenetration: 0
  multithreading: 0
  cellBased: 0
  snapToPixelCenter: 0
--- !u!1 &2165503856021236893
GameObject:
  m_ObjectHideFlags: 0
  m_CorrespondingSourceObject: {fileID: 0}
  m_PrefabInstance: {fileID: 0}
  m_PrefabAsset: {fileID: 0}
  serializedVersion: 6
  m_Component:
  - component: {fileID: 8774301503511512942}
  m_Layer: 8
  m_Name: RallyPoint
  m_TagString: Untagged
  m_Icon: {fileID: 0}
  m_NavMeshLayer: 0
  m_StaticEditorFlags: 0
  m_IsActive: 0
--- !u!4 &8774301503511512942
Transform:
  m_ObjectHideFlags: 0
  m_CorrespondingSourceObject: {fileID: 0}
  m_PrefabInstance: {fileID: 0}
  m_PrefabAsset: {fileID: 0}
  m_GameObject: {fileID: 2165503856021236893}
  m_LocalRotation: {x: 0, y: 1, z: 0, w: 0}
  m_LocalPosition: {x: -1.28, y: 0, z: -4.68}
  m_LocalScale: {x: 1, y: 1, z: 1}
  m_Children:
  - {fileID: 8619323480231573769}
  m_Father: {fileID: 4078628162257946815}
  m_RootOrder: 2
  m_LocalEulerAnglesHint: {x: 0, y: 180, z: 0}
--- !u!1 &3636229075903839775
GameObject:
  m_ObjectHideFlags: 0
  m_CorrespondingSourceObject: {fileID: 0}
  m_PrefabInstance: {fileID: 0}
  m_PrefabAsset: {fileID: 0}
  serializedVersion: 6
  m_Component:
  - component: {fileID: 4881370254821221139}
  - component: {fileID: 3692727538512995727}
  m_Layer: 8
  m_Name: SelectionCircle
  m_TagString: Untagged
  m_Icon: {fileID: 0}
  m_NavMeshLayer: 0
  m_StaticEditorFlags: 0
  m_IsActive: 1
--- !u!4 &4881370254821221139
Transform:
  m_ObjectHideFlags: 0
  m_CorrespondingSourceObject: {fileID: 0}
  m_PrefabInstance: {fileID: 0}
  m_PrefabAsset: {fileID: 0}
  m_GameObject: {fileID: 3636229075903839775}
  m_LocalRotation: {x: 0.7071068, y: 0, z: 0, w: 0.7071068}
  m_LocalPosition: {x: 0, y: 1, z: 0}
  m_LocalScale: {x: 1, y: 1, z: 1}
  m_Children: []
  m_Father: {fileID: 8641515543483093439}
  m_RootOrder: 0
  m_LocalEulerAnglesHint: {x: 90, y: 0, z: 0}
--- !u!119 &3692727538512995727
Projector:
  m_ObjectHideFlags: 0
  m_CorrespondingSourceObject: {fileID: 0}
  m_PrefabInstance: {fileID: 0}
  m_PrefabAsset: {fileID: 0}
  m_GameObject: {fileID: 3636229075903839775}
  m_Enabled: 1
  serializedVersion: 2
  m_NearClipPlane: 0.8
  m_FarClipPlane: 230.5
  m_FieldOfView: 241.47
  m_AspectRatio: 1
  m_Orthographic: 1
  m_OrthographicSize: 4.5
  m_Material: {fileID: 2100000, guid: 0eba8a9160e330e4bb32540ce2bd8f9a, type: 2}
  m_IgnoreLayers:
    serializedVersion: 2
    m_Bits: 3383
--- !u!1 &4360261710835844095
GameObject:
  m_ObjectHideFlags: 0
  m_CorrespondingSourceObject: {fileID: 0}
  m_PrefabInstance: {fileID: 0}
  m_PrefabAsset: {fileID: 0}
  serializedVersion: 6
  m_Component:
  - component: {fileID: 2968009027395621210}
  m_Layer: 0
  m_Name: Destruction
  m_TagString: Untagged
  m_Icon: {fileID: 0}
  m_NavMeshLayer: 0
  m_StaticEditorFlags: 0
  m_IsActive: 1
--- !u!4 &2968009027395621210
Transform:
  m_ObjectHideFlags: 0
  m_CorrespondingSourceObject: {fileID: 0}
  m_PrefabInstance: {fileID: 0}
  m_PrefabAsset: {fileID: 0}
  m_GameObject: {fileID: 4360261710835844095}
  m_LocalRotation: {x: 0, y: 0, z: 0, w: 1}
  m_LocalPosition: {x: 0, y: 0, z: 0}
  m_LocalScale: {x: 1, y: 1, z: 1}
  m_Children:
  - {fileID: 2168145090627860428}
  - {fileID: 6699423339059464585}
  - {fileID: 883288363953942224}
  m_Father: {fileID: 4078628162257946815}
  m_RootOrder: 6
  m_LocalEulerAnglesHint: {x: 0, y: 0, z: 0}
--- !u!1 &7682340390444765325
GameObject:
  m_ObjectHideFlags: 0
  m_CorrespondingSourceObject: {fileID: 0}
  m_PrefabInstance: {fileID: 0}
  m_PrefabAsset: {fileID: 0}
  serializedVersion: 6
  m_Component:
  - component: {fileID: 6246089146952939549}
  - component: {fileID: 4715998291977106405}
  - component: {fileID: 5616513659504038290}
  - component: {fileID: 2205783417510199154}
  m_Layer: 0
  m_Name: PlaceableMarker
  m_TagString: Untagged
  m_Icon: {fileID: 0}
  m_NavMeshLayer: 0
  m_StaticEditorFlags: 0
  m_IsActive: 0
--- !u!4 &6246089146952939549
Transform:
  m_ObjectHideFlags: 0
  m_CorrespondingSourceObject: {fileID: 0}
  m_PrefabInstance: {fileID: 0}
  m_PrefabAsset: {fileID: 0}
  m_GameObject: {fileID: 7682340390444765325}
  m_LocalRotation: {x: 0, y: 0, z: 0, w: 1}
  m_LocalPosition: {x: 0, y: 0.1, z: 0}
  m_LocalScale: {x: 0.7, y: 1, z: 0.7}
  m_Children: []
  m_Father: {fileID: 4078628162257946815}
  m_RootOrder: 4
  m_LocalEulerAnglesHint: {x: 0, y: 0, z: 0}
--- !u!33 &4715998291977106405
MeshFilter:
  m_ObjectHideFlags: 0
  m_CorrespondingSourceObject: {fileID: 0}
  m_PrefabInstance: {fileID: 0}
  m_PrefabAsset: {fileID: 0}
  m_GameObject: {fileID: 7682340390444765325}
  m_Mesh: {fileID: 10209, guid: 0000000000000000e000000000000000, type: 0}
--- !u!23 &5616513659504038290
MeshRenderer:
  m_ObjectHideFlags: 0
  m_CorrespondingSourceObject: {fileID: 0}
  m_PrefabInstance: {fileID: 0}
  m_PrefabAsset: {fileID: 0}
  m_GameObject: {fileID: 7682340390444765325}
  m_Enabled: 1
  m_CastShadows: 1
  m_ReceiveShadows: 1
  m_DynamicOccludee: 1
  m_MotionVectors: 1
  m_LightProbeUsage: 1
  m_ReflectionProbeUsage: 1
  m_RayTracingMode: 2
  m_RenderingLayerMask: 1
  m_RendererPriority: 0
  m_Materials:
  - {fileID: 2100000, guid: 9d8103c4f549e304ebbc88c0779b2349, type: 2}
  m_StaticBatchInfo:
    firstSubMesh: 0
    subMeshCount: 0
  m_StaticBatchRoot: {fileID: 0}
  m_ProbeAnchor: {fileID: 0}
  m_LightProbeVolumeOverride: {fileID: 0}
  m_ScaleInLightmap: 1
  m_ReceiveGI: 1
  m_PreserveUVs: 0
  m_IgnoreNormalsForChartDetection: 0
  m_ImportantGI: 0
  m_StitchLightmapSeams: 1
  m_SelectedEditorRenderState: 3
  m_MinimumChartSize: 4
  m_AutoUVMaxDistance: 0.5
  m_AutoUVMaxAngle: 89
  m_LightmapParameters: {fileID: 0}
  m_SortingLayerID: 0
  m_SortingLayer: 0
  m_SortingOrder: 0
--- !u!64 &2205783417510199154
MeshCollider:
  m_ObjectHideFlags: 0
  m_CorrespondingSourceObject: {fileID: 0}
  m_PrefabInstance: {fileID: 0}
  m_PrefabAsset: {fileID: 0}
  m_GameObject: {fileID: 7682340390444765325}
  m_Material: {fileID: 0}
  m_IsTrigger: 0
  m_Enabled: 1
  serializedVersion: 4
  m_Convex: 0
  m_CookingOptions: 30
  m_Mesh: {fileID: 10209, guid: 0000000000000000e000000000000000, type: 0}
--- !u!1 &7927286028336436022
GameObject:
  m_ObjectHideFlags: 0
  m_CorrespondingSourceObject: {fileID: 0}
  m_PrefabInstance: {fileID: 0}
  m_PrefabAsset: {fileID: 0}
  serializedVersion: 6
  m_Component:
  - component: {fileID: 8641515543483093439}
  m_Layer: 8
  m_Name: SelectedMarks
  m_TagString: Untagged
  m_Icon: {fileID: 0}
  m_NavMeshLayer: 0
  m_StaticEditorFlags: 0
  m_IsActive: 0
--- !u!4 &8641515543483093439
Transform:
  m_ObjectHideFlags: 0
  m_CorrespondingSourceObject: {fileID: 0}
  m_PrefabInstance: {fileID: 0}
  m_PrefabAsset: {fileID: 0}
  m_GameObject: {fileID: 7927286028336436022}
  m_LocalRotation: {x: -0, y: 0.92387956, z: -0, w: 0.38268343}
  m_LocalPosition: {x: 0, y: 1, z: 0}
  m_LocalScale: {x: 1, y: 1, z: 1}
  m_Children:
  - {fileID: 4881370254821221139}
  m_Father: {fileID: 4078628162257946815}
  m_RootOrder: 3
  m_LocalEulerAnglesHint: {x: 0, y: 0, z: 0}
--- !u!1 &8619323480231732521
GameObject:
  m_ObjectHideFlags: 0
  m_CorrespondingSourceObject: {fileID: 0}
  m_PrefabInstance: {fileID: 0}
  m_PrefabAsset: {fileID: 0}
  serializedVersion: 6
  m_Component:
  - component: {fileID: 8619323480231573769}
  - component: {fileID: 8619323480241084159}
  m_Layer: 0
  m_Name: TT_RTS_Banner
  m_TagString: Untagged
  m_Icon: {fileID: 0}
  m_NavMeshLayer: 0
  m_StaticEditorFlags: 0
  m_IsActive: 1
--- !u!4 &8619323480231573769
Transform:
  m_ObjectHideFlags: 0
  m_CorrespondingSourceObject: {fileID: 0}
  m_PrefabInstance: {fileID: 0}
  m_PrefabAsset: {fileID: 0}
  m_GameObject: {fileID: 8619323480231732521}
  m_LocalRotation: {x: 0, y: 0, z: 0, w: 1}
  m_LocalPosition: {x: 0, y: 0, z: 0}
  m_LocalScale: {x: 1, y: 1, z: 1}
  m_Children:
  - {fileID: 8619323480231573785}
  - {fileID: 8619323480231573783}
  - {fileID: 8619323480231573781}
  - {fileID: 8619323480231573779}
  - {fileID: 8619323480231573777}
  - {fileID: 8619323480231573775}
  - {fileID: 8619323480231573773}
  - {fileID: 8619323480231573771}
  m_Father: {fileID: 8774301503511512942}
  m_RootOrder: 0
  m_LocalEulerAnglesHint: {x: 0, y: 0, z: 0}
--- !u!95 &8619323480241084159
Animator:
  serializedVersion: 3
  m_ObjectHideFlags: 0
  m_CorrespondingSourceObject: {fileID: 0}
  m_PrefabInstance: {fileID: 0}
  m_PrefabAsset: {fileID: 0}
  m_GameObject: {fileID: 8619323480231732521}
  m_Enabled: 1
  m_Avatar: {fileID: 9000000, guid: d40f4dc5b4fae4c46a3cc5d4da0f6cf6, type: 3}
  m_Controller: {fileID: 9100000, guid: e5e8ba9ff51c4cc408e546af06fb220c, type: 2}
  m_CullingMode: 1
  m_UpdateMode: 0
  m_ApplyRootMotion: 0
  m_LinearVelocityBlending: 0
  m_WarningMessage: 
  m_HasTransformHierarchy: 1
  m_AllowConstantClipSamplingOptimization: 1
  m_KeepAnimatorControllerStateOnDisable: 0
--- !u!1 &8619323480231732523
GameObject:
  m_ObjectHideFlags: 0
  m_CorrespondingSourceObject: {fileID: 0}
  m_PrefabInstance: {fileID: 0}
  m_PrefabAsset: {fileID: 0}
  serializedVersion: 6
  m_Component:
  - component: {fileID: 8619323480231573771}
  - component: {fileID: 8619323480237008947}
  m_Layer: 0
  m_Name: TT_Flag_D
  m_TagString: Untagged
  m_Icon: {fileID: 0}
  m_NavMeshLayer: 0
  m_StaticEditorFlags: 0
  m_IsActive: 1
--- !u!4 &8619323480231573771
Transform:
  m_ObjectHideFlags: 0
  m_CorrespondingSourceObject: {fileID: 0}
  m_PrefabInstance: {fileID: 0}
  m_PrefabAsset: {fileID: 0}
  m_GameObject: {fileID: 8619323480231732523}
  m_LocalRotation: {x: 0.00000008146034, y: 0, z: -0, w: 1}
  m_LocalPosition: {x: -0, y: 2.911066, z: 0.17563999}
  m_LocalScale: {x: 1.0557127, y: 1, z: 1}
  m_Children: []
  m_Father: {fileID: 8619323480231573769}
  m_RootOrder: 7
  m_LocalEulerAnglesHint: {x: 0, y: 0, z: 0}
--- !u!137 &8619323480237008947
SkinnedMeshRenderer:
  m_ObjectHideFlags: 0
  m_CorrespondingSourceObject: {fileID: 0}
  m_PrefabInstance: {fileID: 0}
  m_PrefabAsset: {fileID: 0}
  m_GameObject: {fileID: 8619323480231732523}
  m_Enabled: 1
  m_CastShadows: 1
  m_ReceiveShadows: 1
  m_DynamicOccludee: 1
  m_MotionVectors: 1
  m_LightProbeUsage: 1
  m_ReflectionProbeUsage: 1
  m_RayTracingMode: 0
  m_RenderingLayerMask: 1
  m_RendererPriority: 0
  m_Materials:
  - {fileID: 2100000, guid: e953939025dacd249a5c42297263c47c, type: 2}
  m_StaticBatchInfo:
    firstSubMesh: 0
    subMeshCount: 0
  m_StaticBatchRoot: {fileID: 0}
  m_ProbeAnchor: {fileID: 0}
  m_LightProbeVolumeOverride: {fileID: 0}
  m_ScaleInLightmap: 1
  m_ReceiveGI: 1
  m_PreserveUVs: 0
  m_IgnoreNormalsForChartDetection: 0
  m_ImportantGI: 0
  m_StitchLightmapSeams: 1
  m_SelectedEditorRenderState: 3
  m_MinimumChartSize: 4
  m_AutoUVMaxDistance: 0.5
  m_AutoUVMaxAngle: 89
  m_LightmapParameters: {fileID: 0}
  m_SortingLayerID: 0
  m_SortingLayer: 0
  m_SortingOrder: 0
  serializedVersion: 2
  m_Quality: 0
  m_UpdateWhenOffscreen: 0
  m_SkinnedMotionVectors: 1
  m_Mesh: {fileID: 4300012, guid: d40f4dc5b4fae4c46a3cc5d4da0f6cf6, type: 3}
  m_Bones:
  - {fileID: 8619323480231573787}
  - {fileID: 8619323480231573785}
  - {fileID: 8619323480231573791}
  - {fileID: 8619323480231573789}
  m_BlendShapeWeights: []
  m_RootBone: {fileID: 8619323480231573785}
  m_AABB:
    m_Center: {x: -3.041955, y: -0.16242945, z: -0.0000010728836}
    m_Extent: {x: 1.6803727, y: 0.01321359, z: 0.9160816}
  m_DirtyAABB: 0
--- !u!1 &8619323480231732525
GameObject:
  m_ObjectHideFlags: 0
  m_CorrespondingSourceObject: {fileID: 0}
  m_PrefabInstance: {fileID: 0}
  m_PrefabAsset: {fileID: 0}
  serializedVersion: 6
  m_Component:
  - component: {fileID: 8619323480231573773}
  - component: {fileID: 8619323480237008949}
  m_Layer: 0
  m_Name: TT_Flag_C
  m_TagString: Untagged
  m_Icon: {fileID: 0}
  m_NavMeshLayer: 0
  m_StaticEditorFlags: 0
  m_IsActive: 0
--- !u!4 &8619323480231573773
Transform:
  m_ObjectHideFlags: 0
  m_CorrespondingSourceObject: {fileID: 0}
  m_PrefabInstance: {fileID: 0}
  m_PrefabAsset: {fileID: 0}
  m_GameObject: {fileID: 8619323480231732525}
  m_LocalRotation: {x: 0.00000008146034, y: 0, z: -0, w: 1}
  m_LocalPosition: {x: -0, y: 2.911066, z: 0.17563999}
  m_LocalScale: {x: 1.0557127, y: 1, z: 1}
  m_Children: []
  m_Father: {fileID: 8619323480231573769}
  m_RootOrder: 6
  m_LocalEulerAnglesHint: {x: 0, y: 0, z: 0}
--- !u!137 &8619323480237008949
SkinnedMeshRenderer:
  m_ObjectHideFlags: 0
  m_CorrespondingSourceObject: {fileID: 0}
  m_PrefabInstance: {fileID: 0}
  m_PrefabAsset: {fileID: 0}
  m_GameObject: {fileID: 8619323480231732525}
  m_Enabled: 1
  m_CastShadows: 1
  m_ReceiveShadows: 1
  m_DynamicOccludee: 1
  m_MotionVectors: 1
  m_LightProbeUsage: 1
  m_ReflectionProbeUsage: 1
  m_RayTracingMode: 0
  m_RenderingLayerMask: 1
  m_RendererPriority: 0
  m_Materials:
  - {fileID: 2100000, guid: 707975294e8d313449a5192f90eae109, type: 2}
  m_StaticBatchInfo:
    firstSubMesh: 0
    subMeshCount: 0
  m_StaticBatchRoot: {fileID: 0}
  m_ProbeAnchor: {fileID: 0}
  m_LightProbeVolumeOverride: {fileID: 0}
  m_ScaleInLightmap: 1
  m_ReceiveGI: 1
  m_PreserveUVs: 0
  m_IgnoreNormalsForChartDetection: 0
  m_ImportantGI: 0
  m_StitchLightmapSeams: 1
  m_SelectedEditorRenderState: 3
  m_MinimumChartSize: 4
  m_AutoUVMaxDistance: 0.5
  m_AutoUVMaxAngle: 89
  m_LightmapParameters: {fileID: 0}
  m_SortingLayerID: 0
  m_SortingLayer: 0
  m_SortingOrder: 0
  serializedVersion: 2
  m_Quality: 0
  m_UpdateWhenOffscreen: 0
  m_SkinnedMotionVectors: 1
  m_Mesh: {fileID: 4300010, guid: d40f4dc5b4fae4c46a3cc5d4da0f6cf6, type: 3}
  m_Bones:
  - {fileID: 8619323480231573787}
  - {fileID: 8619323480231573785}
  - {fileID: 8619323480231573791}
  - {fileID: 8619323480231573789}
  m_BlendShapeWeights: []
  m_RootBone: {fileID: 8619323480231573785}
  m_AABB:
    m_Center: {x: -3.084474, y: -0.16242947, z: 0.0013718605}
    m_Extent: {x: 1.6378536, y: 0.013213575, z: 0.91397595}
  m_DirtyAABB: 0
--- !u!1 &8619323480231732527
GameObject:
  m_ObjectHideFlags: 0
  m_CorrespondingSourceObject: {fileID: 0}
  m_PrefabInstance: {fileID: 0}
  m_PrefabAsset: {fileID: 0}
  serializedVersion: 6
  m_Component:
  - component: {fileID: 8619323480231573775}
  - component: {fileID: 8619323480237008951}
  m_Layer: 0
  m_Name: TT_Flag_B
  m_TagString: Untagged
  m_Icon: {fileID: 0}
  m_NavMeshLayer: 0
  m_StaticEditorFlags: 0
  m_IsActive: 0
--- !u!4 &8619323480231573775
Transform:
  m_ObjectHideFlags: 0
  m_CorrespondingSourceObject: {fileID: 0}
  m_PrefabInstance: {fileID: 0}
  m_PrefabAsset: {fileID: 0}
  m_GameObject: {fileID: 8619323480231732527}
  m_LocalRotation: {x: 0.00000008146034, y: 0, z: -0, w: 1}
  m_LocalPosition: {x: -0, y: 2.911066, z: 0.17563999}
  m_LocalScale: {x: 1.0557127, y: 1, z: 1}
  m_Children: []
  m_Father: {fileID: 8619323480231573769}
  m_RootOrder: 5
  m_LocalEulerAnglesHint: {x: 0, y: 0, z: 0}
--- !u!137 &8619323480237008951
SkinnedMeshRenderer:
  m_ObjectHideFlags: 0
  m_CorrespondingSourceObject: {fileID: 0}
  m_PrefabInstance: {fileID: 0}
  m_PrefabAsset: {fileID: 0}
  m_GameObject: {fileID: 8619323480231732527}
  m_Enabled: 1
  m_CastShadows: 1
  m_ReceiveShadows: 1
  m_DynamicOccludee: 1
  m_MotionVectors: 1
  m_LightProbeUsage: 1
  m_ReflectionProbeUsage: 1
  m_RayTracingMode: 0
  m_RenderingLayerMask: 1
  m_RendererPriority: 0
  m_Materials:
  - {fileID: 2100000, guid: 707975294e8d313449a5192f90eae109, type: 2}
  m_StaticBatchInfo:
    firstSubMesh: 0
    subMeshCount: 0
  m_StaticBatchRoot: {fileID: 0}
  m_ProbeAnchor: {fileID: 0}
  m_LightProbeVolumeOverride: {fileID: 0}
  m_ScaleInLightmap: 1
  m_ReceiveGI: 1
  m_PreserveUVs: 0
  m_IgnoreNormalsForChartDetection: 0
  m_ImportantGI: 0
  m_StitchLightmapSeams: 1
  m_SelectedEditorRenderState: 3
  m_MinimumChartSize: 4
  m_AutoUVMaxDistance: 0.5
  m_AutoUVMaxAngle: 89
  m_LightmapParameters: {fileID: 0}
  m_SortingLayerID: 0
  m_SortingLayer: 0
  m_SortingOrder: 0
  serializedVersion: 2
  m_Quality: 0
  m_UpdateWhenOffscreen: 0
  m_SkinnedMotionVectors: 1
  m_Mesh: {fileID: 4300008, guid: d40f4dc5b4fae4c46a3cc5d4da0f6cf6, type: 3}
  m_Bones:
  - {fileID: 8619323480231573785}
  - {fileID: 8619323480231573789}
  - {fileID: 8619323480231573787}
  - {fileID: 8619323480231573791}
  m_BlendShapeWeights: []
  m_RootBone: {fileID: 8619323480231573785}
  m_AABB:
    m_Center: {x: -3.1299572, y: -0.16242947, z: -0.0000011324883}
    m_Extent: {x: 1.5923705, y: 0.013213575, z: 0.91456443}
  m_DirtyAABB: 0
--- !u!1 &8619323480231732529
GameObject:
  m_ObjectHideFlags: 0
  m_CorrespondingSourceObject: {fileID: 0}
  m_PrefabInstance: {fileID: 0}
  m_PrefabAsset: {fileID: 0}
  serializedVersion: 6
  m_Component:
  - component: {fileID: 8619323480231573777}
  - component: {fileID: 8619323480237008953}
  m_Layer: 0
  m_Name: TT_Flag_A
  m_TagString: Untagged
  m_Icon: {fileID: 0}
  m_NavMeshLayer: 0
  m_StaticEditorFlags: 0
  m_IsActive: 0
--- !u!4 &8619323480231573777
Transform:
  m_ObjectHideFlags: 0
  m_CorrespondingSourceObject: {fileID: 0}
  m_PrefabInstance: {fileID: 0}
  m_PrefabAsset: {fileID: 0}
  m_GameObject: {fileID: 8619323480231732529}
  m_LocalRotation: {x: 0.00000008146034, y: 0, z: -0, w: 1}
  m_LocalPosition: {x: -0, y: 2.911066, z: 0.17563999}
  m_LocalScale: {x: 1.0557127, y: 1, z: 1}
  m_Children: []
  m_Father: {fileID: 8619323480231573769}
  m_RootOrder: 4
  m_LocalEulerAnglesHint: {x: 0, y: 0, z: 0}
--- !u!137 &8619323480237008953
SkinnedMeshRenderer:
  m_ObjectHideFlags: 0
  m_CorrespondingSourceObject: {fileID: 0}
  m_PrefabInstance: {fileID: 0}
  m_PrefabAsset: {fileID: 0}
  m_GameObject: {fileID: 8619323480231732529}
  m_Enabled: 1
  m_CastShadows: 1
  m_ReceiveShadows: 1
  m_DynamicOccludee: 1
  m_MotionVectors: 1
  m_LightProbeUsage: 1
  m_ReflectionProbeUsage: 1
  m_RayTracingMode: 0
  m_RenderingLayerMask: 1
  m_RendererPriority: 0
  m_Materials:
  - {fileID: 2100000, guid: 707975294e8d313449a5192f90eae109, type: 2}
  m_StaticBatchInfo:
    firstSubMesh: 0
    subMeshCount: 0
  m_StaticBatchRoot: {fileID: 0}
  m_ProbeAnchor: {fileID: 0}
  m_LightProbeVolumeOverride: {fileID: 0}
  m_ScaleInLightmap: 1
  m_ReceiveGI: 1
  m_PreserveUVs: 0
  m_IgnoreNormalsForChartDetection: 0
  m_ImportantGI: 0
  m_StitchLightmapSeams: 1
  m_SelectedEditorRenderState: 3
  m_MinimumChartSize: 4
  m_AutoUVMaxDistance: 0.5
  m_AutoUVMaxAngle: 89
  m_LightmapParameters: {fileID: 0}
  m_SortingLayerID: 0
  m_SortingLayer: 0
  m_SortingOrder: 0
  serializedVersion: 2
  m_Quality: 0
  m_UpdateWhenOffscreen: 0
  m_SkinnedMotionVectors: 1
  m_Mesh: {fileID: 4300002, guid: d40f4dc5b4fae4c46a3cc5d4da0f6cf6, type: 3}
  m_Bones:
  - {fileID: 8619323480231573787}
  - {fileID: 8619323480231573785}
  - {fileID: 8619323480231573791}
  - {fileID: 8619323480231573789}
  m_BlendShapeWeights: []
  m_RootBone: {fileID: 8619323480231573785}
  m_AABB:
    m_Center: {x: -3.037315, y: -0.16242945, z: 0.0017783642}
    m_Extent: {x: 1.6850129, y: 0.013213582, z: 0.91438246}
  m_DirtyAABB: 0
--- !u!1 &8619323480231732531
GameObject:
  m_ObjectHideFlags: 0
  m_CorrespondingSourceObject: {fileID: 0}
  m_PrefabInstance: {fileID: 0}
  m_PrefabAsset: {fileID: 0}
  serializedVersion: 6
  m_Component:
  - component: {fileID: 8619323480231573779}
  - component: {fileID: 8619323480237008955}
  m_Layer: 0
  m_Name: TT_Banner_Pole_C
  m_TagString: Untagged
  m_Icon: {fileID: 0}
  m_NavMeshLayer: 0
  m_StaticEditorFlags: 0
  m_IsActive: 1
--- !u!4 &8619323480231573779
Transform:
  m_ObjectHideFlags: 0
  m_CorrespondingSourceObject: {fileID: 0}
  m_PrefabInstance: {fileID: 0}
  m_PrefabAsset: {fileID: 0}
  m_GameObject: {fileID: 8619323480231732531}
  m_LocalRotation: {x: -0.7071068, y: 0, z: -0, w: 0.7071068}
  m_LocalPosition: {x: -0, y: 0, z: 0}
  m_LocalScale: {x: 1, y: 1, z: 1}
  m_Children: []
  m_Father: {fileID: 8619323480231573769}
  m_RootOrder: 3
  m_LocalEulerAnglesHint: {x: 0, y: 0, z: 0}
--- !u!137 &8619323480237008955
SkinnedMeshRenderer:
  m_ObjectHideFlags: 0
  m_CorrespondingSourceObject: {fileID: 0}
  m_PrefabInstance: {fileID: 0}
  m_PrefabAsset: {fileID: 0}
  m_GameObject: {fileID: 8619323480231732531}
  m_Enabled: 1
  m_CastShadows: 1
  m_ReceiveShadows: 1
  m_DynamicOccludee: 1
  m_MotionVectors: 1
  m_LightProbeUsage: 1
  m_ReflectionProbeUsage: 1
  m_RayTracingMode: 0
  m_RenderingLayerMask: 1
  m_RendererPriority: 0
  m_Materials:
  - {fileID: 2100000, guid: 4eb6e46a6afc1c04fadba143c8e47591, type: 2}
  m_StaticBatchInfo:
    firstSubMesh: 0
    subMeshCount: 0
  m_StaticBatchRoot: {fileID: 0}
  m_ProbeAnchor: {fileID: 0}
  m_LightProbeVolumeOverride: {fileID: 0}
  m_ScaleInLightmap: 1
  m_ReceiveGI: 1
  m_PreserveUVs: 0
  m_IgnoreNormalsForChartDetection: 0
  m_ImportantGI: 0
  m_StitchLightmapSeams: 1
  m_SelectedEditorRenderState: 3
  m_MinimumChartSize: 4
  m_AutoUVMaxDistance: 0.5
  m_AutoUVMaxAngle: 89
  m_LightmapParameters: {fileID: 0}
  m_SortingLayerID: 0
  m_SortingLayer: 0
  m_SortingOrder: 0
  serializedVersion: 2
  m_Quality: 0
  m_UpdateWhenOffscreen: 0
  m_SkinnedMotionVectors: 1
  m_Mesh: {fileID: 4300006, guid: d40f4dc5b4fae4c46a3cc5d4da0f6cf6, type: 3}
  m_Bones:
  - {fileID: 8619323480231573785}
  m_BlendShapeWeights: []
  m_RootBone: {fileID: 8619323480231573785}
  m_AABB:
    m_Center: {x: -2.6278043, y: -0.0457796, z: -0.0107373}
    m_Extent: {x: 2.9271088, y: 0.21452628, z: 1.4139687}
  m_DirtyAABB: 0
--- !u!1 &8619323480231732533
GameObject:
  m_ObjectHideFlags: 0
  m_CorrespondingSourceObject: {fileID: 0}
  m_PrefabInstance: {fileID: 0}
  m_PrefabAsset: {fileID: 0}
  serializedVersion: 6
  m_Component:
  - component: {fileID: 8619323480231573781}
  - component: {fileID: 8619323480237008957}
  m_Layer: 0
  m_Name: TT_Banner_Pole_B
  m_TagString: Untagged
  m_Icon: {fileID: 0}
  m_NavMeshLayer: 0
  m_StaticEditorFlags: 0
  m_IsActive: 0
--- !u!4 &8619323480231573781
Transform:
  m_ObjectHideFlags: 0
  m_CorrespondingSourceObject: {fileID: 0}
  m_PrefabInstance: {fileID: 0}
  m_PrefabAsset: {fileID: 0}
  m_GameObject: {fileID: 8619323480231732533}
  m_LocalRotation: {x: -0.7071068, y: 0, z: -0, w: 0.7071068}
  m_LocalPosition: {x: -0, y: 0, z: 0}
  m_LocalScale: {x: 1, y: 1, z: 1}
  m_Children: []
  m_Father: {fileID: 8619323480231573769}
  m_RootOrder: 2
  m_LocalEulerAnglesHint: {x: 0, y: 0, z: 0}
--- !u!137 &8619323480237008957
SkinnedMeshRenderer:
  m_ObjectHideFlags: 0
  m_CorrespondingSourceObject: {fileID: 0}
  m_PrefabInstance: {fileID: 0}
  m_PrefabAsset: {fileID: 0}
  m_GameObject: {fileID: 8619323480231732533}
  m_Enabled: 1
  m_CastShadows: 1
  m_ReceiveShadows: 1
  m_DynamicOccludee: 1
  m_MotionVectors: 1
  m_LightProbeUsage: 1
  m_ReflectionProbeUsage: 1
  m_RayTracingMode: 0
  m_RenderingLayerMask: 1
  m_RendererPriority: 0
  m_Materials:
  - {fileID: 2100000, guid: 4eb6e46a6afc1c04fadba143c8e47591, type: 2}
  m_StaticBatchInfo:
    firstSubMesh: 0
    subMeshCount: 0
  m_StaticBatchRoot: {fileID: 0}
  m_ProbeAnchor: {fileID: 0}
  m_LightProbeVolumeOverride: {fileID: 0}
  m_ScaleInLightmap: 1
  m_ReceiveGI: 1
  m_PreserveUVs: 0
  m_IgnoreNormalsForChartDetection: 0
  m_ImportantGI: 0
  m_StitchLightmapSeams: 1
  m_SelectedEditorRenderState: 3
  m_MinimumChartSize: 4
  m_AutoUVMaxDistance: 0.5
  m_AutoUVMaxAngle: 89
  m_LightmapParameters: {fileID: 0}
  m_SortingLayerID: 0
  m_SortingLayer: 0
  m_SortingOrder: 0
  serializedVersion: 2
  m_Quality: 0
  m_UpdateWhenOffscreen: 0
  m_SkinnedMotionVectors: 1
  m_Mesh: {fileID: 4300000, guid: d40f4dc5b4fae4c46a3cc5d4da0f6cf6, type: 3}
  m_Bones:
  - {fileID: 8619323480231573785}
  m_BlendShapeWeights: []
  m_RootBone: {fileID: 8619323480231573785}
  m_AABB:
    m_Center: {x: -2.5472252, y: -0.039566025, z: 0.000000834465}
    m_Extent: {x: 2.8465297, y: 0.20831269, z: 1.293692}
  m_DirtyAABB: 0
--- !u!1 &8619323480231732535
GameObject:
  m_ObjectHideFlags: 0
  m_CorrespondingSourceObject: {fileID: 0}
  m_PrefabInstance: {fileID: 0}
  m_PrefabAsset: {fileID: 0}
  serializedVersion: 6
  m_Component:
  - component: {fileID: 8619323480231573783}
  - component: {fileID: 8619323480237008959}
  m_Layer: 0
  m_Name: TT_Banner_Pole_A
  m_TagString: Untagged
  m_Icon: {fileID: 0}
  m_NavMeshLayer: 0
  m_StaticEditorFlags: 0
  m_IsActive: 0
--- !u!4 &8619323480231573783
Transform:
  m_ObjectHideFlags: 0
  m_CorrespondingSourceObject: {fileID: 0}
  m_PrefabInstance: {fileID: 0}
  m_PrefabAsset: {fileID: 0}
  m_GameObject: {fileID: 8619323480231732535}
  m_LocalRotation: {x: -0.7071068, y: 0, z: -0, w: 0.7071068}
  m_LocalPosition: {x: -0, y: 0, z: 0}
  m_LocalScale: {x: 1, y: 1, z: 1}
  m_Children: []
  m_Father: {fileID: 8619323480231573769}
  m_RootOrder: 1
  m_LocalEulerAnglesHint: {x: 0, y: 0, z: 0}
--- !u!137 &8619323480237008959
SkinnedMeshRenderer:
  m_ObjectHideFlags: 0
  m_CorrespondingSourceObject: {fileID: 0}
  m_PrefabInstance: {fileID: 0}
  m_PrefabAsset: {fileID: 0}
  m_GameObject: {fileID: 8619323480231732535}
  m_Enabled: 1
  m_CastShadows: 1
  m_ReceiveShadows: 1
  m_DynamicOccludee: 1
  m_MotionVectors: 1
  m_LightProbeUsage: 1
  m_ReflectionProbeUsage: 1
  m_RayTracingMode: 0
  m_RenderingLayerMask: 1
  m_RendererPriority: 0
  m_Materials:
  - {fileID: 2100000, guid: 916f77efb964ce541b5645a874950137, type: 2}
  m_StaticBatchInfo:
    firstSubMesh: 0
    subMeshCount: 0
  m_StaticBatchRoot: {fileID: 0}
  m_ProbeAnchor: {fileID: 0}
  m_LightProbeVolumeOverride: {fileID: 0}
  m_ScaleInLightmap: 1
  m_ReceiveGI: 1
  m_PreserveUVs: 0
  m_IgnoreNormalsForChartDetection: 0
  m_ImportantGI: 0
  m_StitchLightmapSeams: 1
  m_SelectedEditorRenderState: 3
  m_MinimumChartSize: 4
  m_AutoUVMaxDistance: 0.5
  m_AutoUVMaxAngle: 89
  m_LightmapParameters: {fileID: 0}
  m_SortingLayerID: 0
  m_SortingLayer: 0
  m_SortingOrder: 0
  serializedVersion: 2
  m_Quality: 0
  m_UpdateWhenOffscreen: 0
  m_SkinnedMotionVectors: 1
  m_Mesh: {fileID: 4300004, guid: d40f4dc5b4fae4c46a3cc5d4da0f6cf6, type: 3}
  m_Bones:
  - {fileID: 8619323480231573785}
  m_BlendShapeWeights: []
  m_RootBone: {fileID: 8619323480231573785}
  m_AABB:
    m_Center: {x: -2.450478, y: -0.037529632, z: -0.011102915}
    m_Extent: {x: 2.7497826, y: 0.20627628, z: 1.0783304}
  m_DirtyAABB: 0
--- !u!1 &8619323480231732537
GameObject:
  m_ObjectHideFlags: 0
  m_CorrespondingSourceObject: {fileID: 0}
  m_PrefabInstance: {fileID: 0}
  m_PrefabAsset: {fileID: 0}
  serializedVersion: 6
  m_Component:
  - component: {fileID: 8619323480231573785}
  m_Layer: 0
  m_Name: Bone_Pole
  m_TagString: Untagged
  m_Icon: {fileID: 0}
  m_NavMeshLayer: 0
  m_StaticEditorFlags: 0
  m_IsActive: 1
--- !u!4 &8619323480231573785
Transform:
  m_ObjectHideFlags: 0
  m_CorrespondingSourceObject: {fileID: 0}
  m_PrefabInstance: {fileID: 0}
  m_PrefabAsset: {fileID: 0}
  m_GameObject: {fileID: 8619323480231732537}
  m_LocalRotation: {x: 0.50000083, y: -0.5000007, z: 0.49999914, w: -0.49999928}
  m_LocalPosition: {x: -0, y: 0, z: 0.0000000016608608}
  m_LocalScale: {x: 1, y: 1, z: 1}
  m_Children:
  - {fileID: 8619323480231573791}
  m_Father: {fileID: 8619323480231573769}
  m_RootOrder: 0
  m_LocalEulerAnglesHint: {x: 0, y: 0, z: 0}
--- !u!1 &8619323480231732539
GameObject:
  m_ObjectHideFlags: 0
  m_CorrespondingSourceObject: {fileID: 0}
  m_PrefabInstance: {fileID: 0}
  m_PrefabAsset: {fileID: 0}
  serializedVersion: 6
  m_Component:
  - component: {fileID: 8619323480231573787}
  m_Layer: 0
  m_Name: Bone_Flag_C
  m_TagString: Untagged
  m_Icon: {fileID: 0}
  m_NavMeshLayer: 0
  m_StaticEditorFlags: 0
  m_IsActive: 1
--- !u!4 &8619323480231573787
Transform:
  m_ObjectHideFlags: 0
  m_CorrespondingSourceObject: {fileID: 0}
  m_PrefabInstance: {fileID: 0}
  m_PrefabAsset: {fileID: 0}
  m_GameObject: {fileID: 8619323480231732539}
  m_LocalRotation: {x: -1.137968e-14, y: -4.9050927e-17, z: 0.004310356, w: 0.9999907}
  m_LocalPosition: {x: -0.9918094, y: -0.000000072669984, z: 0}
  m_LocalScale: {x: 1, y: 1, z: 1}
  m_Children: []
  m_Father: {fileID: 8619323480231573789}
  m_RootOrder: 0
  m_LocalEulerAnglesHint: {x: 0, y: 0, z: 0}
--- !u!1 &8619323480231732541
GameObject:
  m_ObjectHideFlags: 0
  m_CorrespondingSourceObject: {fileID: 0}
  m_PrefabInstance: {fileID: 0}
  m_PrefabAsset: {fileID: 0}
  serializedVersion: 6
  m_Component:
  - component: {fileID: 8619323480231573789}
  m_Layer: 0
  m_Name: Bone_Flag_B
  m_TagString: Untagged
  m_Icon: {fileID: 0}
  m_NavMeshLayer: 0
  m_StaticEditorFlags: 0
  m_IsActive: 1
--- !u!4 &8619323480231573789
Transform:
  m_ObjectHideFlags: 0
  m_CorrespondingSourceObject: {fileID: 0}
  m_PrefabInstance: {fileID: 0}
  m_PrefabAsset: {fileID: 0}
  m_GameObject: {fileID: 8619323480231732541}
  m_LocalRotation: {x: 3.7663236e-10, y: -0.00000007834412, z: 0.0048074536, w: 0.99998844}
  m_LocalPosition: {x: -1.2579627, y: 0.00000009689331, z: 0.00000006055832}
  m_LocalScale: {x: 1, y: 1, z: 1}
  m_Children:
  - {fileID: 8619323480231573787}
  m_Father: {fileID: 8619323480231573791}
  m_RootOrder: 0
  m_LocalEulerAnglesHint: {x: 0, y: 0, z: 0}
--- !u!1 &8619323480231732543
GameObject:
  m_ObjectHideFlags: 0
  m_CorrespondingSourceObject: {fileID: 0}
  m_PrefabInstance: {fileID: 0}
  m_PrefabAsset: {fileID: 0}
  serializedVersion: 6
  m_Component:
  - component: {fileID: 8619323480231573791}
  m_Layer: 0
  m_Name: Bone_Flag_A
  m_TagString: Untagged
  m_Icon: {fileID: 0}
  m_NavMeshLayer: 0
  m_StaticEditorFlags: 0
  m_IsActive: 1
--- !u!4 &8619323480231573791
Transform:
  m_ObjectHideFlags: 0
  m_CorrespondingSourceObject: {fileID: 0}
  m_PrefabInstance: {fileID: 0}
  m_PrefabAsset: {fileID: 0}
  m_GameObject: {fileID: 8619323480231732543}
  m_LocalRotation: {x: -0.003399263, y: 0.7070997, z: -0.7070976, w: -0.0033992727}
  m_LocalPosition: {x: -4.715566, y: -0.16149612, z: -0.0000019378663}
  m_LocalScale: {x: 1, y: 1, z: 1}
  m_Children:
  - {fileID: 8619323480231573789}
  m_Father: {fileID: 8619323480231573785}
  m_RootOrder: 0
  m_LocalEulerAnglesHint: {x: 0, y: 0, z: 0}
--- !u!1001 &883288363953715776
PrefabInstance:
  m_ObjectHideFlags: 0
  serializedVersion: 2
  m_Modification:
    m_TransformParent: {fileID: 2968009027395621210}
    m_Modifications:
    - target: {fileID: 160018, guid: 43cc1a347ac43cd498e91db9fb766337, type: 3}
      propertyPath: m_Name
      value: FX_Building_Destroyed_mid
      objectReference: {fileID: 0}
    - target: {fileID: 160018, guid: 43cc1a347ac43cd498e91db9fb766337, type: 3}
      propertyPath: m_IsActive
      value: 0
      objectReference: {fileID: 0}
    - target: {fileID: 496784, guid: 43cc1a347ac43cd498e91db9fb766337, type: 3}
      propertyPath: m_LocalPosition.x
      value: 0
      objectReference: {fileID: 0}
    - target: {fileID: 496784, guid: 43cc1a347ac43cd498e91db9fb766337, type: 3}
      propertyPath: m_LocalPosition.y
      value: 0
      objectReference: {fileID: 0}
    - target: {fileID: 496784, guid: 43cc1a347ac43cd498e91db9fb766337, type: 3}
      propertyPath: m_LocalPosition.z
      value: 0
      objectReference: {fileID: 0}
    - target: {fileID: 496784, guid: 43cc1a347ac43cd498e91db9fb766337, type: 3}
      propertyPath: m_LocalRotation.x
      value: 0
      objectReference: {fileID: 0}
    - target: {fileID: 496784, guid: 43cc1a347ac43cd498e91db9fb766337, type: 3}
      propertyPath: m_LocalRotation.y
      value: 0
      objectReference: {fileID: 0}
    - target: {fileID: 496784, guid: 43cc1a347ac43cd498e91db9fb766337, type: 3}
      propertyPath: m_LocalRotation.z
      value: 0
      objectReference: {fileID: 0}
    - target: {fileID: 496784, guid: 43cc1a347ac43cd498e91db9fb766337, type: 3}
      propertyPath: m_LocalRotation.w
      value: 1
      objectReference: {fileID: 0}
    - target: {fileID: 496784, guid: 43cc1a347ac43cd498e91db9fb766337, type: 3}
      propertyPath: m_RootOrder
      value: 2
      objectReference: {fileID: 0}
    - target: {fileID: 496784, guid: 43cc1a347ac43cd498e91db9fb766337, type: 3}
      propertyPath: m_LocalEulerAnglesHint.x
      value: 0
      objectReference: {fileID: 0}
    - target: {fileID: 496784, guid: 43cc1a347ac43cd498e91db9fb766337, type: 3}
      propertyPath: m_LocalEulerAnglesHint.y
      value: 0
      objectReference: {fileID: 0}
    - target: {fileID: 496784, guid: 43cc1a347ac43cd498e91db9fb766337, type: 3}
      propertyPath: m_LocalEulerAnglesHint.z
      value: 0
      objectReference: {fileID: 0}
    m_RemovedComponents: []
  m_SourcePrefab: {fileID: 100100000, guid: 43cc1a347ac43cd498e91db9fb766337, type: 3}
--- !u!1 &883288363953556306 stripped
GameObject:
  m_CorrespondingSourceObject: {fileID: 160018, guid: 43cc1a347ac43cd498e91db9fb766337,
    type: 3}
  m_PrefabInstance: {fileID: 883288363953715776}
  m_PrefabAsset: {fileID: 0}
--- !u!4 &883288363953942224 stripped
Transform:
  m_CorrespondingSourceObject: {fileID: 496784, guid: 43cc1a347ac43cd498e91db9fb766337,
    type: 3}
  m_PrefabInstance: {fileID: 883288363953715776}
  m_PrefabAsset: {fileID: 0}
--- !u!1001 &2036412168105094334
PrefabInstance:
  m_ObjectHideFlags: 0
  serializedVersion: 2
  m_Modification:
    m_TransformParent: {fileID: 7415325513172984838}
    m_Modifications:
    - target: {fileID: 100000, guid: fc4ed9ef41f9dc944af60388921a8746, type: 3}
      propertyPath: m_Name
      value: MageTower
      objectReference: {fileID: 0}
    - target: {fileID: 400000, guid: fc4ed9ef41f9dc944af60388921a8746, type: 3}
      propertyPath: m_LocalPosition.x
      value: 0
      objectReference: {fileID: 0}
    - target: {fileID: 400000, guid: fc4ed9ef41f9dc944af60388921a8746, type: 3}
      propertyPath: m_LocalPosition.y
      value: 0
      objectReference: {fileID: 0}
    - target: {fileID: 400000, guid: fc4ed9ef41f9dc944af60388921a8746, type: 3}
      propertyPath: m_LocalPosition.z
      value: 0
      objectReference: {fileID: 0}
    - target: {fileID: 400000, guid: fc4ed9ef41f9dc944af60388921a8746, type: 3}
      propertyPath: m_LocalRotation.x
      value: -0.7071068
      objectReference: {fileID: 0}
    - target: {fileID: 400000, guid: fc4ed9ef41f9dc944af60388921a8746, type: 3}
      propertyPath: m_LocalRotation.y
      value: 0
      objectReference: {fileID: 0}
    - target: {fileID: 400000, guid: fc4ed9ef41f9dc944af60388921a8746, type: 3}
      propertyPath: m_LocalRotation.z
      value: 0
      objectReference: {fileID: 0}
    - target: {fileID: 400000, guid: fc4ed9ef41f9dc944af60388921a8746, type: 3}
      propertyPath: m_LocalRotation.w
      value: 0.7071068
      objectReference: {fileID: 0}
    - target: {fileID: 400000, guid: fc4ed9ef41f9dc944af60388921a8746, type: 3}
      propertyPath: m_RootOrder
      value: 0
      objectReference: {fileID: 0}
    - target: {fileID: 400000, guid: fc4ed9ef41f9dc944af60388921a8746, type: 3}
      propertyPath: m_LocalEulerAnglesHint.x
      value: -90
      objectReference: {fileID: 0}
    - target: {fileID: 400000, guid: fc4ed9ef41f9dc944af60388921a8746, type: 3}
      propertyPath: m_LocalEulerAnglesHint.y
      value: 0
      objectReference: {fileID: 0}
    - target: {fileID: 400000, guid: fc4ed9ef41f9dc944af60388921a8746, type: 3}
      propertyPath: m_LocalEulerAnglesHint.z
      value: 0
      objectReference: {fileID: 0}
    - target: {fileID: 400000, guid: fc4ed9ef41f9dc944af60388921a8746, type: 3}
      propertyPath: m_LocalScale.x
      value: 1.2500001
      objectReference: {fileID: 0}
    - target: {fileID: 400000, guid: fc4ed9ef41f9dc944af60388921a8746, type: 3}
      propertyPath: m_LocalScale.y
      value: 1.2499999
      objectReference: {fileID: 0}
    - target: {fileID: 400000, guid: fc4ed9ef41f9dc944af60388921a8746, type: 3}
      propertyPath: m_LocalScale.z
      value: 1.25
      objectReference: {fileID: 0}
    m_RemovedComponents: []
  m_SourcePrefab: {fileID: 100100000, guid: fc4ed9ef41f9dc944af60388921a8746, type: 3}
--- !u!23 &2036412168102802654 stripped
MeshRenderer:
  m_CorrespondingSourceObject: {fileID: 2300000, guid: fc4ed9ef41f9dc944af60388921a8746,
    type: 3}
  m_PrefabInstance: {fileID: 2036412168105094334}
  m_PrefabAsset: {fileID: 0}
--- !u!4 &2036412168104703550 stripped
Transform:
  m_CorrespondingSourceObject: {fileID: 400000, guid: fc4ed9ef41f9dc944af60388921a8746,
    type: 3}
  m_PrefabInstance: {fileID: 2036412168105094334}
  m_PrefabAsset: {fileID: 0}
--- !u!1001 &2168145090628283028
PrefabInstance:
  m_ObjectHideFlags: 0
  serializedVersion: 2
  m_Modification:
    m_TransformParent: {fileID: 2968009027395621210}
    m_Modifications:
    - target: {fileID: 146768, guid: c1f7cd26d86e36c44921a1c45d23513b, type: 3}
      propertyPath: m_Name
      value: FX_Building_burning
      objectReference: {fileID: 0}
    - target: {fileID: 146768, guid: c1f7cd26d86e36c44921a1c45d23513b, type: 3}
      propertyPath: m_IsActive
      value: 0
      objectReference: {fileID: 0}
    - target: {fileID: 433496, guid: c1f7cd26d86e36c44921a1c45d23513b, type: 3}
      propertyPath: m_LocalPosition.x
      value: 0
      objectReference: {fileID: 0}
    - target: {fileID: 433496, guid: c1f7cd26d86e36c44921a1c45d23513b, type: 3}
      propertyPath: m_LocalPosition.y
      value: 0
      objectReference: {fileID: 0}
    - target: {fileID: 433496, guid: c1f7cd26d86e36c44921a1c45d23513b, type: 3}
      propertyPath: m_LocalPosition.z
      value: 0
      objectReference: {fileID: 0}
    - target: {fileID: 433496, guid: c1f7cd26d86e36c44921a1c45d23513b, type: 3}
      propertyPath: m_LocalRotation.x
      value: 0
      objectReference: {fileID: 0}
    - target: {fileID: 433496, guid: c1f7cd26d86e36c44921a1c45d23513b, type: 3}
      propertyPath: m_LocalRotation.y
      value: 0
      objectReference: {fileID: 0}
    - target: {fileID: 433496, guid: c1f7cd26d86e36c44921a1c45d23513b, type: 3}
      propertyPath: m_LocalRotation.z
      value: 0
      objectReference: {fileID: 0}
    - target: {fileID: 433496, guid: c1f7cd26d86e36c44921a1c45d23513b, type: 3}
      propertyPath: m_LocalRotation.w
      value: 1
      objectReference: {fileID: 0}
    - target: {fileID: 433496, guid: c1f7cd26d86e36c44921a1c45d23513b, type: 3}
      propertyPath: m_RootOrder
      value: 0
      objectReference: {fileID: 0}
    - target: {fileID: 433496, guid: c1f7cd26d86e36c44921a1c45d23513b, type: 3}
      propertyPath: m_LocalEulerAnglesHint.x
      value: 0
      objectReference: {fileID: 0}
    - target: {fileID: 433496, guid: c1f7cd26d86e36c44921a1c45d23513b, type: 3}
      propertyPath: m_LocalEulerAnglesHint.y
      value: 0
      objectReference: {fileID: 0}
    - target: {fileID: 433496, guid: c1f7cd26d86e36c44921a1c45d23513b, type: 3}
      propertyPath: m_LocalEulerAnglesHint.z
      value: 0
      objectReference: {fileID: 0}
    m_RemovedComponents: []
  m_SourcePrefab: {fileID: 100100000, guid: c1f7cd26d86e36c44921a1c45d23513b, type: 3}
--- !u!1 &2168145090628147140 stripped
GameObject:
  m_CorrespondingSourceObject: {fileID: 146768, guid: c1f7cd26d86e36c44921a1c45d23513b,
    type: 3}
  m_PrefabInstance: {fileID: 2168145090628283028}
  m_PrefabAsset: {fileID: 0}
--- !u!4 &2168145090627860428 stripped
Transform:
  m_CorrespondingSourceObject: {fileID: 433496, guid: c1f7cd26d86e36c44921a1c45d23513b,
    type: 3}
  m_PrefabInstance: {fileID: 2168145090628283028}
  m_PrefabAsset: {fileID: 0}
--- !u!1001 &2355500638032470984
PrefabInstance:
  m_ObjectHideFlags: 0
  serializedVersion: 2
  m_Modification:
    m_TransformParent: {fileID: 4078628162257946815}
    m_Modifications:
    - target: {fileID: 5068657574302227114, guid: 28e308feae1b764418f5bd9f2dab8fc7,
        type: 3}
      propertyPath: m_Name
      value: BuildingMiniMapRender
      objectReference: {fileID: 0}
    - target: {fileID: 5068657574302227114, guid: 28e308feae1b764418f5bd9f2dab8fc7,
        type: 3}
      propertyPath: m_IsActive
      value: 1
      objectReference: {fileID: 0}
    - target: {fileID: 5068657574302227126, guid: 28e308feae1b764418f5bd9f2dab8fc7,
        type: 3}
      propertyPath: m_LocalPosition.x
      value: 0
      objectReference: {fileID: 0}
    - target: {fileID: 5068657574302227126, guid: 28e308feae1b764418f5bd9f2dab8fc7,
        type: 3}
      propertyPath: m_LocalPosition.y
      value: 0.2
      objectReference: {fileID: 0}
    - target: {fileID: 5068657574302227126, guid: 28e308feae1b764418f5bd9f2dab8fc7,
        type: 3}
      propertyPath: m_LocalPosition.z
      value: 0
      objectReference: {fileID: 0}
    - target: {fileID: 5068657574302227126, guid: 28e308feae1b764418f5bd9f2dab8fc7,
        type: 3}
      propertyPath: m_LocalRotation.x
      value: 0
      objectReference: {fileID: 0}
    - target: {fileID: 5068657574302227126, guid: 28e308feae1b764418f5bd9f2dab8fc7,
        type: 3}
      propertyPath: m_LocalRotation.y
      value: 0
      objectReference: {fileID: 0}
    - target: {fileID: 5068657574302227126, guid: 28e308feae1b764418f5bd9f2dab8fc7,
        type: 3}
      propertyPath: m_LocalRotation.z
      value: 0
      objectReference: {fileID: 0}
    - target: {fileID: 5068657574302227126, guid: 28e308feae1b764418f5bd9f2dab8fc7,
        type: 3}
      propertyPath: m_LocalRotation.w
      value: 1
      objectReference: {fileID: 0}
    - target: {fileID: 5068657574302227126, guid: 28e308feae1b764418f5bd9f2dab8fc7,
        type: 3}
      propertyPath: m_RootOrder
      value: 5
      objectReference: {fileID: 0}
    - target: {fileID: 5068657574302227126, guid: 28e308feae1b764418f5bd9f2dab8fc7,
        type: 3}
      propertyPath: m_LocalEulerAnglesHint.x
      value: 0
      objectReference: {fileID: 0}
    - target: {fileID: 5068657574302227126, guid: 28e308feae1b764418f5bd9f2dab8fc7,
        type: 3}
      propertyPath: m_LocalEulerAnglesHint.y
      value: 0
      objectReference: {fileID: 0}
    - target: {fileID: 5068657574302227126, guid: 28e308feae1b764418f5bd9f2dab8fc7,
        type: 3}
      propertyPath: m_LocalEulerAnglesHint.z
      value: 0
      objectReference: {fileID: 0}
    - target: {fileID: 5068657574302227126, guid: 28e308feae1b764418f5bd9f2dab8fc7,
        type: 3}
      propertyPath: m_LocalScale.x
      value: 0.7
      objectReference: {fileID: 0}
    - target: {fileID: 5068657574302227126, guid: 28e308feae1b764418f5bd9f2dab8fc7,
        type: 3}
      propertyPath: m_LocalScale.z
      value: 0.7
      objectReference: {fileID: 0}
    m_RemovedComponents: []
  m_SourcePrefab: {fileID: 100100000, guid: 28e308feae1b764418f5bd9f2dab8fc7, type: 3}
--- !u!114 &8994087587410290926 stripped
MonoBehaviour:
  m_CorrespondingSourceObject: {fileID: 6656602117764451110, guid: 28e308feae1b764418f5bd9f2dab8fc7,
    type: 3}
  m_PrefabInstance: {fileID: 2355500638032470984}
  m_PrefabAsset: {fileID: 0}
  m_GameObject: {fileID: 0}
  m_Enabled: 1
  m_EditorHideFlags: 0
  m_Script: {fileID: 11500000, guid: f0c853439dbeba643a65cb059138409d, type: 3}
  m_Name: 
  m_EditorClassIdentifier: 
--- !u!4 &7414919968128579966 stripped
Transform:
  m_CorrespondingSourceObject: {fileID: 5068657574302227126, guid: 28e308feae1b764418f5bd9f2dab8fc7,
    type: 3}
  m_PrefabInstance: {fileID: 2355500638032470984}
  m_PrefabAsset: {fileID: 0}
--- !u!1001 &2575239200399368306
PrefabInstance:
  m_ObjectHideFlags: 0
  serializedVersion: 2
  m_Modification:
    m_TransformParent: {fileID: 2019866527486799117}
    m_Modifications:
    - target: {fileID: 1041336972479520133, guid: aa9d36fabb720c842b5db3dec2057545,
        type: 3}
      propertyPath: m_Name
      value: BuildWizard
      objectReference: {fileID: 0}
    - target: {fileID: 5293499206955147476, guid: aa9d36fabb720c842b5db3dec2057545,
        type: 3}
      propertyPath: m_LocalPosition.x
      value: 0
      objectReference: {fileID: 0}
    - target: {fileID: 5293499206955147476, guid: aa9d36fabb720c842b5db3dec2057545,
        type: 3}
      propertyPath: m_LocalPosition.y
      value: 0
      objectReference: {fileID: 0}
    - target: {fileID: 5293499206955147476, guid: aa9d36fabb720c842b5db3dec2057545,
        type: 3}
      propertyPath: m_LocalPosition.z
      value: 0
      objectReference: {fileID: 0}
    - target: {fileID: 5293499206955147476, guid: aa9d36fabb720c842b5db3dec2057545,
        type: 3}
      propertyPath: m_LocalRotation.x
      value: 0
      objectReference: {fileID: 0}
    - target: {fileID: 5293499206955147476, guid: aa9d36fabb720c842b5db3dec2057545,
        type: 3}
      propertyPath: m_LocalRotation.y
      value: 0
      objectReference: {fileID: 0}
    - target: {fileID: 5293499206955147476, guid: aa9d36fabb720c842b5db3dec2057545,
        type: 3}
      propertyPath: m_LocalRotation.z
      value: 0
      objectReference: {fileID: 0}
    - target: {fileID: 5293499206955147476, guid: aa9d36fabb720c842b5db3dec2057545,
        type: 3}
      propertyPath: m_LocalRotation.w
      value: 1
      objectReference: {fileID: 0}
    - target: {fileID: 5293499206955147476, guid: aa9d36fabb720c842b5db3dec2057545,
        type: 3}
      propertyPath: m_RootOrder
      value: 0
      objectReference: {fileID: 0}
    - target: {fileID: 5293499206955147476, guid: aa9d36fabb720c842b5db3dec2057545,
        type: 3}
      propertyPath: m_LocalEulerAnglesHint.x
      value: 0
      objectReference: {fileID: 0}
    - target: {fileID: 5293499206955147476, guid: aa9d36fabb720c842b5db3dec2057545,
        type: 3}
      propertyPath: m_LocalEulerAnglesHint.y
      value: 0
      objectReference: {fileID: 0}
    - target: {fileID: 5293499206955147476, guid: aa9d36fabb720c842b5db3dec2057545,
        type: 3}
      propertyPath: m_LocalEulerAnglesHint.z
      value: 0
      objectReference: {fileID: 0}
    m_RemovedComponents: []
  m_SourcePrefab: {fileID: 100100000, guid: aa9d36fabb720c842b5db3dec2057545, type: 3}
--- !u!4 &7695348924007612582 stripped
Transform:
  m_CorrespondingSourceObject: {fileID: 5293499206955147476, guid: aa9d36fabb720c842b5db3dec2057545,
    type: 3}
  m_PrefabInstance: {fileID: 2575239200399368306}
  m_PrefabAsset: {fileID: 0}
--- !u!1001 &6699423339059834865
PrefabInstance:
  m_ObjectHideFlags: 0
  serializedVersion: 2
  m_Modification:
    m_TransformParent: {fileID: 2968009027395621210}
    m_Modifications:
    - target: {fileID: 127166, guid: 4cc2bcf001dff1841ab60befad39294b, type: 3}
      propertyPath: m_Name
      value: FX_Building_burning_small
      objectReference: {fileID: 0}
    - target: {fileID: 127166, guid: 4cc2bcf001dff1841ab60befad39294b, type: 3}
      propertyPath: m_IsActive
      value: 0
      objectReference: {fileID: 0}
    - target: {fileID: 435832, guid: 4cc2bcf001dff1841ab60befad39294b, type: 3}
      propertyPath: m_LocalPosition.x
      value: -0.73
      objectReference: {fileID: 0}
    - target: {fileID: 435832, guid: 4cc2bcf001dff1841ab60befad39294b, type: 3}
      propertyPath: m_LocalPosition.y
      value: 0
      objectReference: {fileID: 0}
    - target: {fileID: 435832, guid: 4cc2bcf001dff1841ab60befad39294b, type: 3}
      propertyPath: m_LocalPosition.z
      value: 0
      objectReference: {fileID: 0}
    - target: {fileID: 435832, guid: 4cc2bcf001dff1841ab60befad39294b, type: 3}
      propertyPath: m_LocalRotation.x
      value: 0
      objectReference: {fileID: 0}
    - target: {fileID: 435832, guid: 4cc2bcf001dff1841ab60befad39294b, type: 3}
      propertyPath: m_LocalRotation.y
      value: 0
      objectReference: {fileID: 0}
    - target: {fileID: 435832, guid: 4cc2bcf001dff1841ab60befad39294b, type: 3}
      propertyPath: m_LocalRotation.z
      value: 0
      objectReference: {fileID: 0}
    - target: {fileID: 435832, guid: 4cc2bcf001dff1841ab60befad39294b, type: 3}
      propertyPath: m_LocalRotation.w
      value: 1
      objectReference: {fileID: 0}
    - target: {fileID: 435832, guid: 4cc2bcf001dff1841ab60befad39294b, type: 3}
      propertyPath: m_RootOrder
      value: 1
      objectReference: {fileID: 0}
    - target: {fileID: 435832, guid: 4cc2bcf001dff1841ab60befad39294b, type: 3}
      propertyPath: m_LocalEulerAnglesHint.x
      value: 0
      objectReference: {fileID: 0}
    - target: {fileID: 435832, guid: 4cc2bcf001dff1841ab60befad39294b, type: 3}
      propertyPath: m_LocalEulerAnglesHint.y
      value: 0
      objectReference: {fileID: 0}
    - target: {fileID: 435832, guid: 4cc2bcf001dff1841ab60befad39294b, type: 3}
      propertyPath: m_LocalEulerAnglesHint.z
      value: 0
      objectReference: {fileID: 0}
    m_RemovedComponents: []
  m_SourcePrefab: {fileID: 100100000, guid: 4cc2bcf001dff1841ab60befad39294b, type: 3}
--- !u!1 &6699423339059781455 stripped
GameObject:
  m_CorrespondingSourceObject: {fileID: 127166, guid: 4cc2bcf001dff1841ab60befad39294b,
    type: 3}
  m_PrefabInstance: {fileID: 6699423339059834865}
  m_PrefabAsset: {fileID: 0}
--- !u!4 &6699423339059464585 stripped
Transform:
  m_CorrespondingSourceObject: {fileID: 435832, guid: 4cc2bcf001dff1841ab60befad39294b,
    type: 3}
  m_PrefabInstance: {fileID: 6699423339059834865}
  m_PrefabAsset: {fileID: 0}
--- !u!1001 &8157851660477129989
PrefabInstance:
  m_ObjectHideFlags: 0
  serializedVersion: 2
  m_Modification:
    m_TransformParent: {fileID: 2019866527486799117}
    m_Modifications:
    - target: {fileID: 65423325075157697, guid: 4ac770060ad5d64448d4004db30293d8,
        type: 3}
      propertyPath: m_LocalPosition.x
      value: 0
      objectReference: {fileID: 0}
    - target: {fileID: 65423325075157697, guid: 4ac770060ad5d64448d4004db30293d8,
        type: 3}
      propertyPath: m_LocalPosition.y
      value: 0
      objectReference: {fileID: 0}
    - target: {fileID: 65423325075157697, guid: 4ac770060ad5d64448d4004db30293d8,
        type: 3}
      propertyPath: m_LocalPosition.z
      value: 0
      objectReference: {fileID: 0}
    - target: {fileID: 65423325075157697, guid: 4ac770060ad5d64448d4004db30293d8,
        type: 3}
      propertyPath: m_LocalRotation.x
      value: 0
      objectReference: {fileID: 0}
    - target: {fileID: 65423325075157697, guid: 4ac770060ad5d64448d4004db30293d8,
        type: 3}
      propertyPath: m_LocalRotation.y
      value: 0
      objectReference: {fileID: 0}
    - target: {fileID: 65423325075157697, guid: 4ac770060ad5d64448d4004db30293d8,
        type: 3}
      propertyPath: m_LocalRotation.z
      value: 0
      objectReference: {fileID: 0}
    - target: {fileID: 65423325075157697, guid: 4ac770060ad5d64448d4004db30293d8,
        type: 3}
      propertyPath: m_LocalRotation.w
      value: 1
      objectReference: {fileID: 0}
    - target: {fileID: 65423325075157697, guid: 4ac770060ad5d64448d4004db30293d8,
        type: 3}
      propertyPath: m_RootOrder
      value: 1
      objectReference: {fileID: 0}
    - target: {fileID: 65423325075157697, guid: 4ac770060ad5d64448d4004db30293d8,
        type: 3}
      propertyPath: m_LocalEulerAnglesHint.x
      value: 0
      objectReference: {fileID: 0}
    - target: {fileID: 65423325075157697, guid: 4ac770060ad5d64448d4004db30293d8,
        type: 3}
      propertyPath: m_LocalEulerAnglesHint.y
      value: 0
      objectReference: {fileID: 0}
    - target: {fileID: 65423325075157697, guid: 4ac770060ad5d64448d4004db30293d8,
        type: 3}
      propertyPath: m_LocalEulerAnglesHint.z
      value: 0
      objectReference: {fileID: 0}
    - target: {fileID: 8537042281908281617, guid: 4ac770060ad5d64448d4004db30293d8,
        type: 3}
      propertyPath: m_Name
      value: BuildPriest
      objectReference: {fileID: 0}
    m_RemovedComponents: []
  m_SourcePrefab: {fileID: 100100000, guid: 4ac770060ad5d64448d4004db30293d8, type: 3}
--- !u!4 &8205256112726923204 stripped
Transform:
  m_CorrespondingSourceObject: {fileID: 65423325075157697, guid: 4ac770060ad5d64448d4004db30293d8,
    type: 3}
  m_PrefabInstance: {fileID: 8157851660477129989}
  m_PrefabAsset: {fileID: 0}
